Map: Ruinas de Endión

Players

Badasskiller - Winner!

  • Race: Zerg Zerg
  • League: Bronze

xXkazperXx

  • Race: Zerg Zerg
  • League: Bronze

VOD

Have the link to the VOD?

Description

Time

  • Played on: April 4, 2016, 12:26 a.m.
  • Length: 22:38
Show
View Real Time Build Order
Export as new Build Order

Badasskiller Zerg - Winner!

Build Orders: Pool First, Lurkers 

Get SALT Encoding   

  12  0:21  Spawning Pool  
  11  0:54  Hatchery  
  10  1:13  Queen  
  10  1:14  Overlord  
  12  1:22  Drone  
  13  1:29  Drone  
  14  1:45  Zergling x4  
  16  2:06  Zergling x2  
  16  2:07  Zergling x2  
  18  2:12  Drone  
  19  2:25  Zergling x4  
  19  2:29  Extractor  
  20  2:33  Drone x3  
  23  2:59  Queen  
  24  3:13  Zergling x2  
  24  3:14  Zergling x4  
  27  3:31  Overlord  
  27  3:32  Overlord  
  27  3:35  Overlord  
  27  3:58  Drone  
  27  3:59  Drone x2  
  27  4:00  Drone  
  31  4:06  Drone  
  31  4:07  Drone  
  31  4:08  Drone  
  31  4:09  Drone  
  35  4:14  Extractor  
  34  4:32  Lair  
  34  4:33  Metabolic Boost  
  34  4:42  Zergling x6  
  34  4:43  Zergling x6  
  40  5:07  Overlord  
  40  5:08  Overlord  
  40  5:17  Drone  
  40  5:19  Drone  
  42  5:25  Zergling x8  
  42  5:26  Zergling x4  
  48  5:35  Extractor x2  
  46  7:07  Drone x3  
  46  7:08  Drone x3  
  52  7:09  Drone x2  
  52  7:11  Drone  
  52  7:12  Drone x2  
  52  7:14  Drone  
  52  7:15  Drone x2  
  40  7:40  Drone  
  40  7:44  Zergling x10  
  43  7:45  Zergling x4  
  48  7:58  Hydralisk Den  
  47  8:27  Lurker Den  
  47  8:29  Hydralisk x3  
  47  8:30  Hydralisk x4  
  47  8:31  Hydralisk  
  47  8:32  Hydralisk  
  47  8:33  Hydralisk  
  65  8:59  Overseer  
  65  9:05  Queen  
  60  9:38  Queen  
  52  9:57  Lurker x2  
  52  9:58  Lurker x4  
  52  9:59  Lurker  
  59  10:07  Drone  
  58  10:14  Pneumatized Carapace  
  58  10:27  Drone x2  
  58  10:28  Drone x5  
  64  10:29  Drone  
  66  10:40  Infestation Pit  
  65  11:04  Hydralisk x3  
  68  11:22  Overlord  
  68  11:23  Overlord x2  
  68  11:36  Overlord  
  68  11:37  Overlord x2  
  68  11:38  Overlord x4  
  68  11:39  Overlord  
  68  11:57  Drone x2  
  68  11:58  Drone  
  71  12:02  Hydralisk x3  
  71  12:03  Hydralisk  
  71  12:04  Hydralisk x3  
  81  12:28  Hydralisk x2  
  83  12:37  Hydralisk x2  
  83  12:38  Hydralisk x6  
  81  13:15  Hydralisk x3  
  81  13:16  Hydralisk  
  89  13:23  Drone  
  89  13:25  Drone  
  91  13:48  Hive  
  91  14:04  Spire  
  90  14:13  Evolution Chamber  
  89  14:17  Drone x2  
  89  14:18  Drone  
  92  14:41  Overlord x4  
  92  14:42  Overlord x3  
  92  14:50  Hydralisk  
  92  14:51  Hydralisk x4  
  96  15:13  Overseer  
  95  15:18  Zerg Missile Weapons Level 1  
  91  16:01  Corruptor x4  
  91  16:02  Corruptor x2  
  103  16:23  Drone x2  
  105  16:43  Lurker x4  
  105  16:44  Lurker  
  105  16:45  Lurker  
  105  16:46  Lurker  
  113  16:47  Lurker  
  113  16:59  Hatchery  
  112  17:01  Extractor  
  63  17:46  Corruptor x3  
  63  17:47  Corruptor  
  63  17:48  Corruptor x3  
  63  17:49  Corruptor  
  79  17:52  Queen  
  79  17:53  Hydralisk x2  
  79  17:54  Hydralisk x5  
  79  17:55  Hydralisk x5  
  93  18:28  Lurker  
  93  18:29  Lurker x5  
  99  18:40  Overseer x2  
  99  19:20  Queen  
  99  19:22  Drone x2  
  99  19:23  Drone  
  104  19:31  Lurker x4  
  104  20:07  Extractor  
  104  20:09  Lurker  
  104  20:10  Lurker  
  92  20:37  Spore Crawler x2  
  92  20:39  Spore Crawler  
  89  20:43  Spore Crawler  
  89  20:46  Spore Crawler  
  87  21:15  Spore Crawler  
  87  21:16  Spore Crawler x2  
Show
View Real Time Build Order
Export as new Build Order

xXkazperXx Zerg 

Build Orders: Pool First, Lurkers 

Get SALT Encoding   

  12  0:11  Drone  
  12  0:12  Drone  
  14  0:21  Overlord  
  14  0:39  Spawning Pool  
  14  0:40  Drone  
  14  0:53  Extractor  
  14  0:56  Drone x3  
  16  1:23  Overlord  
  16  1:27  Queen  
  16  1:29  Zergling x2  
  19  1:52  Zergling x6  
  22  2:04  Hatchery  
  21  2:16  Roach Warren  
  20  2:29  Lair  
  20  2:39  Zergling x2  
  20  2:40  Zergling x2  
  20  2:43  Zergling x2  
  23  2:49  Extractor  
  20  3:20  Drone  
  20  3:23  Drone x5  
  20  3:24  Drone  
  27  3:53  Drone x3  
  30  4:00  Roach x3  
  36  4:16  Overlord  
  36  4:27  Tunneling Claws  
  36  4:32  Metabolic Boost  
  36  4:34  Queen  
  36  4:35  Roach  
  40  4:40  Drone x2  
  42  5:10  Spore Crawler  
  41  5:15  Spine Crawler  
  41  5:20  Roach x2  
  44  5:27  Overlord  
  44  5:33  Overlord  
  44  5:50  Hydralisk Den  
  44  5:55  Pneumatized Carapace, Burrow  
  43  6:05  Drone x4, Spine Crawler  
  43  6:06  Drone x2  
  43  6:10  Drone x2  
  50  6:20  Extractor  
  49  6:30  Roach x2  
  49  6:31  Roach  
  49  6:32  Roach  
  52  7:02  Roach x4  
  60  7:09  Overlord x2  
  57  7:54  Roach x3  
  57  7:55  Roach x3  
  69  8:07  Drone x3  
  69  8:08  Hatchery  
  69  8:10  Lurker Den  
  71  8:18  Spire  
  70  8:25  Infestation Pit, Roach x13  
  69  8:51  Roach x13  
  69  9:00  Hydralisk x3  
  75  9:18  Roach x12  
  61  9:49  Hydralisk  
  61  9:50  Mutalisk x2  
  61  9:51  Mutalisk  
  61  9:52  Mutalisk x2  
  61  9:59  Drone x3  
  64  10:04  Queen  
  66  10:25  Lurker x4  
  66  10:28  Overlord x2  
  70  10:29  Hatchery  
  70  10:34  Overseer  
  69  11:19  Mutalisk x4  
  69  11:20  Mutalisk  
  79  11:42  Drone  
  80  11:48  Hive  
  80  11:49  Corruptor  
  82  12:01  Hatchery  
  81  12:10  Zergling x6  
  81  12:12  Zergling x4  
  74  12:28  Overseer  
  74  12:38  Roach x6, Mutalisk x4  
  82  13:18  Mutalisk x3  
  88  13:21  Drone  
  89  13:31  Baneling Nest  
  89  13:33  Overseer  
  88  13:50  Extractor  
  87  13:56  Drone x5  
  87  13:57  Drone  
  87  14:00  Extractor  
  87  14:02  Drone x3  
  95  14:03  Drone  
  95  14:04  Drone x2  
  98  14:39  Roach x6  
  98  15:49  Hydralisk x2  
  102  15:52  Overlord x3  
  90  16:29  Spine Crawler  
  90  16:30  Spine Crawler  
  90  16:31  Spine Crawler  
  82  16:40  Greater Spire  
  82  16:53  Corruptor x3  
  88  16:55  Corruptor x4  
  96  17:02  Overlord  
  96  17:03  Overlord  
  78  17:45  Overseer  
  78  17:56  Brood Lord  
  80  18:54  Overseer  
  80  18:57  Drone x3  
  80  19:01  Extractor  
  82  19:04  Extractor  
  81  19:15  Overlord x2  
  81  19:16  Overlord  
  81  19:57  Drone x3  
  84  20:03  Drone x3  
  87  20:50  Drone x3  
  87  20:53  Extractor  
  87  20:55  Extractor  
  87  20:56  Drone x3  
  91  21:00  Zergling x2  
  91  21:01  Zergling x8  
  96  21:09  Brood Lord x2  
  100  21:16  Zergling x2  
  101  21:18  Zergling x2  
  101  21:19  Zergling x2  
  101  21:20  Zergling x2  
  101  21:21  Queen, Zergling x4  
  101  21:22  Queen  
  110  21:37  Overseer x2  
Tags
 
Add a new tag
Caveats
  • Supply blocks, unpowered buildings, or Contaminate may cause inaccurate times.
  • Supply counts are checked every 10 seconds.